 Dungeon Crawl Stone Soup version 0.30-a0-629-gd54f4be4f7 (webtiles) character file.

Game seed: 9759535812316840765

1035 IdlyInterested the Cutter (level 8, 0/90 HPs)
             Began as a Demonspawn Gladiator on Jan 12, 2023.
             Slain by a phantom (3 damage)
             ... on level 5 of the Dungeon.
             The game lasted 00:14:16 (4155 turns).

IdlyInterested the Cutter (Demonspawn Gladiator)    Turns: 4155, Time: 00:14:16

Health: 0/90       AC: 10    Str: 14    XL:     8   Next: 3%
Magic:  0/8        EV: 10    Int: 13    God:
Gold:   251        SH:  0    Dex: 14    Spells: 7/7 levels left

rFire   . . .      SeeInvis .    u - +2 short sword (venom)
rCold   . . .      Faith    .    (no shield)
rNeg    + . .      Spirit   +    k - +0 scale mail
rPois   .          Reflect  .    l - +0 helmet
rElec   .          Harm     .    (no cloak)
rCorr   .          Rampage  .    (no gloves)
Will    +....                    (no boots) Stlth
                                 a - amulet of guardian spirit
HPRegen 0.35/turn                m - ring of willpower
MPRegen 0.11/turn                i - ring of positive energy

@: berserking, lethally poisoned (0 -> -1), very quick
A: thin metallic scales 2, powered by pain 1, demonic magic 1
a: no special abilities


You were on level 5 of the Dungeon.
You visited 1 branch of the dungeon, and saw 5 of its levels.

You collected 251 gold pieces.

Inventory:

Hand Weapons
 j - a +0 short sword of freezing
 u - a +2 short sword of venom (weapon)
Missiles
 c - 9 boomerangs
 d - 5 throwing nets
 e - a javelin
 f - 39 stones
 o - 18 poisoned darts (quivered)
Armour
 b - a +0 leather armour
 k - a +0 scale mail (worn)
 l - a +0 helmet (worn)
Jewellery
 a - an amulet of guardian spirit (around neck)
 i - a ring of positive energy (right hand)
 m - a ring of willpower (left hand)
Wands
 n - a wand of acid (4)
 y - a wand of iceblast (9)
Scrolls
 h - 4 scrolls of teleportation
 r - a scroll of amnesia
Potions
 p - 2 potions of might
 q - a potion of flight
 v - a potion of curing {unknown}
 w - a potion of magic {unknown}
 x - a potion of mutation {unknown}


   Skills:
 - Level 4.0 Fighting
 * Level 6.6 Short Blades
 - Level 3.0 Axes
 - Level 2.0 Throwing
 - Level 2.0 Armour
 - Level 2.6 Dodging
 * Level 1.9 Stealth
 - Level 2.0 Evocations


You had 7 spell levels left.
You didn't know any spells.
Your spell library contained the following spells:

 Spells                   Type           Power      Damage    Failure   Level
 Dazzling Flash           Conj/Hex       0%         N/A       98%         3
 Agony                    Necr           0%         N/A       100%        5
 Silence                  Hex/Air        0%         N/A       100%        5


Dungeon Overview and Level Annotations

Branches:
Dungeon (5/15)
 Temple: D:4-7

Altars:
Dithmenos
Gozag
Hepliaklqana
Trog
Vehumet

Shops:
D:1 =   D:3 *


Innate Abilities, Weirdness & Mutations

You are mostly covered in thin metallic scales. (AC +3)
You sometimes gain a little power by taking damage.
Spells you cast may paralyse adjacent enemies.


Message History

You hit the scorpion. Your punch misses the scorpion.
The scorpion is almost dead.
You feel sick.
You kill the scorpion!
The phantom hits you but does no damage.
The black bear bites you but does no damage.
The black bear claws you but does no damage. x2
You puncture the black bear!
The black bear looks as sick as possible!
The black bear is moderately wounded.
You puncture the black bear!
The black bear looks as sick as possible!
The black bear is heavily wounded.
You feel sick.
The black bear bites you but does no damage.
The black bear closely misses you. The black bear barely misses you.
The phantom barely misses you.
You puncture the black bear!
You kill the black bear!
You have reached level 8!
You feel clever.
Your demonic ancestry asserts itself...
You feel energised by your suffering.
You closely miss the phantom.
The phantom is lightly damaged.
You feel sick.
The phantom hits you but does no damage.
You closely miss the phantom.
The phantom is lightly damaged.
You puncture the phantom!
The phantom is heavily damaged.
You feel sick. The phantom hits you.
* * * LOW HITPOINT WARNING * * *
You hit the phantom.
The phantom is heavily damaged.
You barely miss the phantom.
The phantom is heavily damaged.
You closely miss the phantom.
The phantom is heavily damaged.
You feel sick. The phantom hits you.
You die...

#.§........#
#.†.......!#
#..........$
#.$......... .
#!......^...
..####...........
.................
##..)†.........
#..W@.........
###...#.##.###
#......# .#
#........ .
......###.#
##...... #
#.....## #######


You could see a phantom.

Vanquished Creatures
  An ice beast (D:4)
  The ghost of avis the Grasshopper, an amateur DgWr (D:3)
  A black bear (D:5)
  2 ogres
  A phantom (D:3)
  A scorpion (D:5)
  A howler monkey (D:5)
  An iron imp (D:5)
  A jelly (D:5)
  An orc priest (D:3)
  A hound (D:4)
  A gnoll bouda (D:5)
  An iguana (D:4)
  Terence (D:3)
  A howler monkey zombie (D:3)
  A howler monkey skeleton (D:3)
  8 gnolls
  3 adders
  4 worms
  4 dart slugs
  8 orcs (D:3)
  9 ball pythons
  8 endoplasms
  3 giant cockroaches (D:4)
  5 goblins
  4 hobgoblins
  13 kobolds
  4 quokkas
  6 bats
  3 frilled lizards
  A goblin zombie (D:5)
  A kobold zombie (D:5)
  3 orc skeletons (D:5)
  2 orc zombies (D:5)
  7 rats
113 creatures vanquished.

Notes
Turn   | Place    | Note
-------+----------+-------------------------------------------
     0 | D:1      | IdlyInterested the Demonspawn Gladiator began the quest for
                  | the Orb.
     0 | D:1      | Reached XP level 1. HP: 16/16 MP: 1/1
    49 | D:1      | Found Rawu's Jewellery Emporium.
   119 | D:1      | Gained mutation: Spells you cast may paralyse adjacent
                  | enemies. [demonic ancestry]
   119 | D:1      | Reached XP level 2. HP: 20/22 MP: 2/2
   254 | D:1      | Reached skill level 1 in Armour
   448 | D:1      | Reached skill level 1 in Stealth
   448 | D:1      | Gained mutation: You are partially covered in thin metallic
                  | scales. (AC +2) [demonic ancestry]
   448 | D:1      | Reached XP level 3. HP: 27/27 MP: 3/3
  1404 | D:3      | Found Gozag's Platinum Reserve.
  1411 | D:3      | Found an opulent altar of Gozag.
  1528 | D:3      | Reached XP level 4. HP: 33/34 MP: 4/4
  1630 | D:3      | Found a bloodstained altar of Trog.
  1750 | D:3      | Noticed Terence
  1754 | D:3      | Reached skill level 1 in Short Blades
  1763 | D:3      | Killed Terence
  1885 | D:3      | Found a runed translucent gate.
  1885 | D:3      | Found a runed translucent gate.
  1908 | D:3      | Noticed a phantom
  1989 | D:3      | Killed a phantom
  1990 | D:3      | Reached skill level 2 in Short Blades
  1990 | D:3      | Reached skill level 1 in Evocations
  1990 | D:3      | Gained mutation: You are mostly covered in thin metallic
                  | scales. (AC +3) [demonic ancestry]
  1990 | D:3      | Reached XP level 5. HP: 15/41 MP: 1/5
  2091 | D:3      | Found a runed translucent gate.
  2092 | D:3      | Noticed avis's ghost (amateur DgWr)
  2395 | D:3      | Reached skill level 3 in Short Blades
  2416 | D:3      | Reached XP level 6. HP: 30/47 MP: 3/6
  2805 | D:3      | Killed avis's ghost
  2913 | D:4      | Reached skill level 4 in Short Blades
  3028 | D:4      | Found a radiant altar of Vehumet.
  3120 | D:4      | Found a shadowy altar of Dithmenos.
  3127 | D:4      | Noticed an ice beast
  3145 | D:4      | Killed an ice beast
  3146 | D:4      | Reached XP level 7. HP: 53/53 MP: 7/7
  3196 | D:4      | Found a hazy altar of Hepliaklqana.
  3355 | D:4      | Reached skill level 5 in Short Blades
  3779 | D:5      | Entered Level 5 of the Dungeon
  4139 | D:5      | Reached skill level 6 in Short Blades
  4150 | D:5      | Gained mutation: You sometimes gain a little power by
                  | taking damage. [demonic ancestry]
  4150 | D:5      | Reached XP level 8. HP: 9/60 MP: 1/8
  4152 | D:5      | HP: 3/90 [phantom (4)]
  4155 | D:5      | Slain by a phantom

Illustrated notes

Levels and vault maps discovered:
D:1:      dpeg_arrival_simpleton_a, layout_basic, serial_shops, shop,
          minmay_tripent
D:2:      layout_rooms, chequers_serial_rivers_small_b
D:3:      cheibrodos_pilgrimage, layout_basic, nicolae_gozag_zags_fifth_avenue,
          mainiacjoe_overflow_tiny_flanked, gammafunk_ghost_necromancy,
          kennysheep_generic_room_11, uniq_terence
D:4:      layout_basic, mainiacjoe_overflow_six_doors_small,
          nicolae_overflow_crystal_walls, lemuel_crystal_altar
D:5:      layout_loops_ring, lemuel_doored_altar, nicolae_tso_besieged_by_evil

Skill      XL: |  1  2  3  4  5  6  7 |
---------------+----------------------+-----
Axes           | 3 |  3.0
Armour         | 1 2 |  2.0
Stealth        | 1 |  1.9
Short Blades   | 2 3 4 6 |  6.6
Fighting       | 3 4 |  4.0
Evocations     | 1 2 |  2.0
Throwing       | 2 |  2.0
Dodging        | |  2.6

Action                   |  1- 3 |  4- 6 |  7- 9 || total
-------------------------+-------+-------+-------++-------
Melee: War axe           |    84 |       |       ||    84
       Short sword       |    53 |   268 |   117 ||   438
       Punch             |     1 |     5 |     4 ||    10
Throw: Dart              |       |     1 |     4 ||     5
       Javelin           |       |     1 |       ||     1
  Use: Scroll            |     3 |     5 |     2 ||    10
       Potion            |       |     2 |     2 ||     4
Armor: Leather armour    |    18 |       |       ||    18
       Scale mail        |    61 |    95 |    54 ||   210
Dodge: Dodged            |    77 |   139 |    66 ||   282

Table legend: (Time is in decaauts)
 A = Elapsed time spent in this place.
 B = Non-inter-level travel time spent in this place.
 C = Inter-level travel time spent in this place.
 D = Time resting spent in this place.
 E = Time spent auto-exploring this place.
 F = Levels seen in this place.
 G = Mean time per level.
                   A        B        C        D        E       F      G
               +--------+--------+--------+--------+--------+-----+--------+
         Total |   4136 |   3684 |    452 |    520 |   2011 |   5 |  827.2 |
       Dungeon |   4136 |   3684 |    452 |    520 |   2011 |   5 |  827.2 |
               +--------+--------+--------+--------+--------+-----+--------+

Top non-repeatable levels by time:
     D:3: 1460 daAuts
     D:4: 915 daAuts
     D:1: 795 daAuts
     D:2: 708 daAuts
     D:5: 256 daAuts
